 Dungeon Crawl Stone Soup version 0.17.0-56-gd8de76c (webtiles) character file.

1530 gorblad the Skirmisher (level 8, -1/63 HPs)
             Began as a Demonspawn Fighter on Dec 5, 2015.
             Was an Initiate of Dithmenos.
             Slain by a gnoll
             ... wielding a +0 spear
              (4 damage)
             ... on level 5 of the Dungeon.
             The game lasted 00:13:05 (5337 turns).

gorblad the Skirmisher (Demonspawn Fighter)         Turns: 5337, Time: 00:13:05

Health: -1/63      AC: 16    Str: 19    XL:     8   Next: 55%
Magic:  8/8        EV:  9    Int:  9    God:    Dithmenos [......]
Gold:   115        SH: 10    Dex: 12    Spells: 0 memorised, 7 levels left

rFire  . . .     SeeInvis .     a - +1 war axe
rCold  . . .     Clarity  .     b - +0 scale mail
rNeg   . . .     SustAt   .     c - +0 shield
rPois  .         Gourm    .     l - +0 helmet
rElec  .         Spirit   .     (no cloak)
rCorr  .         Warding  .     q - +1 pair of gloves
rMut   .         Stasis   .     u - +1 pair of boots
MR     .....                    (no amulet)
Stlth  +.........               (no ring)
                                (no ring)

@: not resistant to hostile enchantments, very unstealthy
A: talons 2, rough black scales 1, nightstalker 1
a: Renounce Religion


You were on level 5 of the Dungeon.
You worshipped Dithmenos.
Dithmenos was noncommittal.
You were hungry.

You visited 2 branches of the dungeon, and saw 6 of its levels.
You also visited: Sewer.

You collected 115 gold pieces.

Inventory:

Hand Weapons
 a - a +1 war axe (weapon)
Armour
 b - a +0 scale mail (worn)
 c - a +0 shield (worn)
 l - a +0 helmet (worn)
 q - a +1 pair of gloves (worn)
 u - a +1 pair of boots (worn)
Jewellery
 j - an uncursed ring of protection from cold {unknown}
Scrolls
 f - a scroll of fear
 o - 4 scrolls of teleportation
 t - a scroll of remove curse
 w - a scroll of random uselessness {unknown}
 x - a scroll of blinking {unknown}
 y - a scroll of identify
 z - a scroll of enchant armour
Potions
 d - a potion of agility {unknown}
 h - a potion of degeneration {unknown}
 i - a potion of cancellation {unknown}
 k - 2 potions of heal wounds {unknown}
 m - 2 potions of magic
 n - a potion of flight {unknown}
 p - 3 potions of curing
 s - a potion of cure mutation {unknown}
Comestibles
 e - 5 bread rations
 g - 3 meat rations
 r - 4 fruits
 v - 8 chunks of flesh


   Skills:
 + Level 5.5 Fighting
 + Level 4.8 Axes
 + Level 4.6 Armour
 + Level 4.0 Dodging
 + Level 0.8 Stealth
 + Level 5.4 Shields


You had 7 spell levels left.
You didn't know any spells.

Dungeon Overview and Level Annotations

Branches:
Dungeon (5/15)             Temple (1/1) D:4

Altars:
Ashenzari
Cheibriados
Dithmenos
Elyvilon
Fedhas
Gozag
Kikubaaqudgha
Makhleb
Nemelex Xobeh
Okawaru
Qazlal
Ru
Sif Muna
Trog
Vehumet
Xom
Yredelemnul
Zin
The Shining One


Innate Abilities, Weirdness & Mutations

You have razor-sharp toenails.
You are partially covered in rough black scales (AC +4, Dex -1).
You are slightly more attuned to the shadows.


Message History

A gnoll comes into view. It is wielding a spear.
Your shield prevents you from hitting the ogre.
You block the ogre's attack.
You hit the ogre.
The ogre is lightly wounded.
The ogre hits you but does no damage.
You slash the ogre!
The ogre is moderately wounded.
The ogre barely misses you. The gnoll hits you but does no damage.
The ogre hits you with a giant club!
* * * LOW HITPOINT WARNING * * *
You hit the ogre.
The ogre is heavily wounded.
The gnoll hits you but does no damage. The ogre hits you with a giant club.
* * * LOW HITPOINT WARNING * * *
You barely miss the ogre.
The ogre is heavily wounded.
The gnoll closely misses you. The ogre barely misses you.
The gnoll hits you from afar with a spear.
You die...

.......# #.............
.......# #.............
........# #.............
........###.............
.........)))..รท.........
.................#######
..g...%....##..).# #
.....g.....##....# #
......)@O..'.....# #
...........####### #
...........# ...
...........# .#.
########'### #. #[# #.
#.# #. #.# #.#


You could see an ogre and 2 gnolls.

Vanquished Creatures
  The ghost of Elvalys the Covered, a novice GrFi (D:5)
  Duvessa (D:4)
  An ogre (D:5)
  A necrophage (D:5)
  3 big kobolds (Sewer)
  A centaur (D:5)
  A scorpion (D:5)
  Dowan (D:4)
  The ghost of ventricule the Twirler, a weakling HEWn (D:3)
  2 orc wizards
  A hound (D:5)
  2 orc priests
  A worker ant (D:4)
  A hound zombie (D:5)
  Robin (D:2)
  12 adders
  8 gnolls
  A river rat (Sewer)
  3 oozes (D:1)
  An adder zombie (D:5)
  9 worms
  3 adder skeletons
  13 orcs
  9 bats
  4 giant cockroaches (D:3)
  8 hobgoblins
  14 jackals
  12 kobolds
  5 ball pythons
  A giant gecko skeleton (D:4)
  A giant gecko zombie (D:5)
  16 giant newts
  14 goblins
  3 quokka skeletons
  12 rats
168 creatures vanquished.

Vanquished Creatures (others)
  An adder skeleton (D:5)
1 creature vanquished.

Grand Total: 169 creatures vanquished

Notes
Turn   | Place    | Note
--------------------------------------------------------------
     0 | D:1      | gorblad the Demonspawn Fighter began the quest for the Orb.
     0 | D:1      | Reached XP level 1. HP: 18/18 MP: 1/1
   190 | D:1      | Gained mutation: You are partially covered in rough black scales (AC +4, Dex -1). [demonic ancestry]
   190 | D:1      | Reached XP level 2. HP: 18/24 MP: 2/2
   576 | D:1      | Gained mutation: You have sharp toenails. [demonic ancestry]
   576 | D:1      | Reached XP level 3. HP: 29/29 MP: 3/3
  1473 | D:2      | Gained mutation: You have razor-sharp toenails. [demonic ancestry]
  1473 | D:2      | Reached XP level 4. HP: 35/35 MP: 4/4
  1528 | D:2      | Noticed Robin
  1531 | D:2      | Reached skill level 1 in Dodging
  1556 | D:2      | Killed Robin
  1556 | D:2      | Reached XP level 5. HP: 6/42 MP: 5/5
  2441 | D:3      | HP: 2/42 [orc priest/divine providence (8)]
  2456 | D:3      | Found a glowing drain.
  2620 | Sewer    | Entered a sewer
  2632 | Sewer    | Gained mutation: You are slightly more attuned to the shadows. [demonic ancestry]
  2632 | Sewer    | Reached XP level 6. HP: 26/48 MP: 6/6
  2925 | Sewer    | Reached skill level 4 in Shields
  3321 | D:3      | Reached XP level 7. HP: 53/55 MP: 7/7
  3385 | D:3      | Noticed ventricule's ghost (weakling HEWn)
  3398 | D:3      | Killed ventricule's ghost
  3905 | D:4      | Noticed Dowan
  3906 | D:4      | Noticed Duvessa
  3924 | D:4      | Killed Dowan
  3926 | D:4      | Killed Duvessa
  3926 | D:4      | Reached skill level 5 in Shields
  3963 | D:4      | Found a staircase to the Ecumenical Temple.
  4134 | D:4      | Noticed a moth of wrath
  4137 | D:4      | Found a bloodstained altar of Trog.
  4370 | D:4      | Found an opulent altar of Gozag.
  4452 | Temple   | Entered the Ecumenical Temple
  4569 | Temple   | Became a worshipper of Dithmenos the Shadowed
  4608 | D:5      | Entered Level 5 of the Dungeon
  4687 | D:5      | Reached XP level 8. HP: 44/61 MP: 8/8
  4722 | D:5      | Noticed Elvalys's ghost (novice GrFi)
  4735 | D:5      | Reached skill level 5 in Fighting
  4768 | D:5      | Killed Elvalys's ghost
  5336 | D:5      | HP: 3/63 [ogre/giant club (3)]
  5337 | D:5      | Slain by a gnoll

Action                   |  1- 3 |  4- 6 |  7- 9 || total
-------------------------+-------+-------+-------++-------
Melee: War axe           |    93 |   269 |   280 ||   642
  Use: Scroll            |     6 |       |     5 ||    11
       Potion            |     1 |     1 |       ||     2
 Stab: Sleeping          |       |       |     1 ||     1
  Eat: Chunk             |     1 |     3 |     7 ||    11
       Bread ration      |     1 |       |       ||     1
